 Dungeon Crawl Stone Soup version 0.28.0-53-g5a82cb258f (webtiles) character file.

Game seed: 3239064989901976202

110 funkygono the Covered (level 4, -2/40 HPs)
             Began as a Minotaur Fighter on June 30, 2022.
             Slain by a gnoll
             ... wielding a +0 spear
              (4 damage)
             ... on level 3 of the Dungeon.
             The game lasted 00:02:33 (2159 turns).

funkygono the Covered (Minotaur Fighter)            Turns: 2159, Time: 00:02:33

Health: -2/40      AC:  7    Str: 22    XL:     4   Next: 61%
Magic:  3/3        EV:  9    Int:  5    God:
Gold:   110        SH:  4    Dex: 10    Spells: 3/3 levels left

rFire   . . .      SeeInvis .   a - +0 long sword
rCold   . . .      Faith    .   c - +0 buckler
rNeg    . . .      Spirit   .   b - +0 scale mail
rPois   .          Reflect  .   (helmet restricted)
rElec   .          Harm     .   (no cloak)
rCorr   .          Rampage  .   (no gloves)
Will    .....                   (no boots)
Stlth   ..........              (no amulet)
HPRegen 0.13/turn               l - ring of flight
MPRegen 0.08/turn               (no ring)

@: mighty, flying
A: horns 2, retaliatory headbutt
a: no special abilities


You were on level 3 of the Dungeon.
You visited 1 branch of the dungeon, and saw 3 of its levels.

You collected 110 gold pieces.

Inventory:

Hand Weapons
 a - a +0 long sword (weapon)
 i - a +0 whip of venom
 j - a +0 mace
Missiles
 n - 39 bolts
Armour
 b - a +0 scale mail (worn)
 c - a +0 buckler (worn)
 k - a scarf of shadows
Magical Staves
 m - a staff of poison
Jewellery
 l - a ring of flight (left hand)
Scrolls
 e - a scroll of teleportation {unknown}
 f - a scroll of fog {unknown}
 o - a scroll of identify {unknown}
Potions
 g - 2 potions of curing {unknown}
 h - a potion of berserk rage {unknown}


   Skills:
 + Level 4.1 Fighting
 + Level 3.9 Long Blades
 + Level 4.6 Armour
 + Level 0.1 Dodging
 + Level 4.5 Shields


You had 3 spell levels left.
You didn't know any spells.
Your spell library was empty.

Dungeon Overview and Level Annotations

Branches:
Dungeon (3/15)

Altars:
Ru


Innate Abilities, Weirdness & Mutations

You have a pair of horns on your head.
You reflexively headbutt those who attack you in melee.


Message History

You kill the gnoll!
The gnoll hits you from afar with a +0 spear.
The adder bites you. The adder bites you but does no damage.
You see here a +0 club.
The adder misses you.
You miss the adder. Your headbutt misses the adder.
You block the gnoll's attack. The adder barely misses you. The adder bites you.
The gnoll hits you from afar with a +0 spear.
A gnoll comes into view. It is wielding a +0 club.
The gnoll shouts!
The gnoll moves out of view.
There is an escape hatch in the floor here.
The adder bites you but does no damage.
You hit the adder. Your headbutt misses the adder.
The adder is moderately wounded.
You block the adder's attack.
You slash the adder!
You kill the adder!
The gnoll hits you but does no damage.
You closely miss the frilled lizard.
Your headbutt misses the frilled lizard.
You block the frilled lizard's attack.
The gnoll hits you from afar with a +0 spear.
You block the frilled lizard's attack.
You closely miss the frilled lizard. The gnoll closely misses you.
The frilled lizard closely misses you.
The gnoll hits you from afar with a +0 spear.
* * * LOW HITPOINT WARNING * * *
You hit the frilled lizard.
You kill the frilled lizard!
You block the gnoll's attack.
You feel very mighty all of a sudden. The gnoll barely misses you.
The gnoll hits you with a +0 club.
* * * LOW HITPOINT WARNING * * *
You hit the gnoll.
The gnoll is moderately wounded.
The gnoll hits you from afar with a +0 spear.
You die...

# #.###.# ..
#l..#.# #.
.##.#)#.# .. #...#
#.##.##g.#
..........#
.#....#...#
#..###..g#########
#. #....gg@.......
###.##########. #.
.. ... ##.


You could see 3 gnolls.

Vanquished Creatures
  A gnoll (D:3)
  5 adders
  A worm (D:2)
  4 orcs (D:3)
  4 ball pythons
  3 endoplasms
  4 giant cockroaches
  8 goblins
  A hobgoblin (D:2)
  11 kobolds
  A quokka (D:2)
  A bat (D:1)
  2 frilled lizards
  3 rats
49 creatures vanquished.

Vanquished Creatures (others)
  4 plants
4 creatures vanquished.

Grand Total: 53 creatures vanquished

Notes
Turn   | Place    | Note
-------+----------+-------------------------------------------
     0 | D:1      | funkygono the Minotaur Fighter began the quest for the Orb.
     0 | D:1      | Reached XP level 1. HP: 19/19 MP: 0/0
   470 | D:1      | Reached XP level 2. HP: 24/27 MP: 1/1
  1119 | D:2      | Reached XP level 3. HP: 31/33 MP: 2/2
  1857 | D:2      | Reached XP level 4. HP: 40/40 MP: 3/3
  1963 | D:3      | Found a sacrificial altar of Ru.
  2158 | D:3      | HP: 2/40 [gnoll/+0 club (6)]
  2159 | D:3      | Slain by a gnoll

Illustrated notes

Levels and vault maps discovered:
D:1:      matt_arrival_grand_opening, layout_basic
D:2:      layout_loops_corners, chequers_big_river, minmay_heptomino_w4
D:3:      layout_basic, nicolae_ru_awakened_eye,
          hellmonk_ecumenical_altar_dog_temple, grunt_decor_fettered,
          serial_bayou_ford_a, uniq_sigmund, uniq_ijyb

Skill      XL: |  1  2  3 |
---------------+----------+-----
Armour         | 4 |  4.6
Long Blades    | 3 |  3.9
Shields        | 4 |  4.5
Fighting       | 4 |  4.1
Dodging        | |  0.1

Action                   |  1- 3 |  4- 6 || total
-------------------------+-------+-------++-------
Melee: Long sword        |    57 |    41 ||    98
       Headbutt          |     9 |     5 ||    14
  Use: Potion            |       |     1 ||     1
Armor: Scale mail        |    15 |    17 ||    32
Dodge: Dodged            |    22 |    24 ||    46
Block: Buckler           |    11 |    14 ||    25
